 Dungeon Crawl Stone Soup version 0.29.0-13-gc9e81de378 (webtiles) character file.

Game seed: 14124558070983996251

37335 LabCoat the Severer (level 13, -10/177 HPs)
             Began as a Hill Orc Fighter on Sept 9, 2022.
             Was an Elder of Trog.
             Mangled by a dire elephant (17 damage)
             ... on level 5 of the Lair of Beasts.
             The game lasted 01:11:02 (20977 turns).

LabCoat the Severer (Hill Orc Fighter)             Turns: 20977, Time: 01:11:04

Health: -10/177    AC: 33    Str: 24    XL:     13   Next: 96%
Magic:  13/13      EV:  8    Int:  8    God:    Trog [****..]
Gold:   789        SH:  6    Dex: 10    Spells: 12/12 levels left

rFire   x . .      SeeInvis .   E - +0 war axe (vamp)
rCold   + . .      Faith    .   c - +0 buckler
rNeg    + . .      Spirit   .   F - +18 Lear's hauberk
rPois   .          Reflect  .   (helmet currently unavailable)
rElec   .          Harm     .   m - +2 cloak
rCorr   .          Rampage  .   (gloves currently unavailable)
Will    .....                   (boots currently unavailable)
Stlth   ..........              u - amulet of the acrobat
HPRegen 0.39/turn               g - ring of positive energy
MPRegen 0.13/turn               q - ring of ice

@: berserking, very quick
A: no striking features
a: Renounce Religion, Berserk, Trog's Hand, Brothers in Arms


You were on level 5 of the Lair of Beasts.
You worshipped Trog.
Trog was greatly pleased with you.
You visited 3 branches of the dungeon, and saw 16 of its levels.
You also visited: Sewer.

You collected 789 gold pieces.

Inventory:

Hand Weapons
 x - a +0 morningstar of holy wrath
 B - a +0 morningstar
 C - a +2 battleaxe of flaming
 D - a +0 broad axe
 E - a +0 vampiric war axe (weapon)
Missiles
 y - 4 throwing nets
 z - 2 silver javelins (quivered)
 H - 25 poisoned darts
 S - 4 curare-tipped darts
Armour
 a - a +0 pair of gloves
 b - a +0 scale mail
 c - a +0 buckler (worn)
 m - a +2 cloak (worn)
 o - a +0 pair of boots
 t - +0 acid dragon scales
 v - a +0 plate armour
 F - the +18 Lear's hauberk (worn)
   (You found it on level 9 of the Dungeon)
 G - a +0 helmet
 Q - the +2 pair of gloves of Kema {Harm Fly rElec Regen+}
   (You acquired it on level 5 of the Lair of Beasts)

   rElec:     It insulates you from electricity.
   Fly:       It grants you flight.
   Regen:     It increases your rate of health regeneration.
   Harm:      It increases damage dealt and taken.
Jewellery
 g - a ring of positive energy (left hand)
 q - a ring of ice (right hand)
 u - an amulet of the acrobat (around neck)
 M - a ring of see invisible
 P - a ring of fire
Wands
 k - a wand of polymorph (18)
 n - a wand of mindburst (1)
 s - a wand of iceblast (18)
Scrolls
 d - 2 scrolls of poison
 p - 2 scrolls of magic mapping
 w - 5 scrolls of identify
 A - a scroll of summoning
 I - a scroll of enchant weapon
 K - 4 scrolls of teleportation
 L - a scroll of blinking
 N - 4 scrolls of fear
 O - a scroll of enchant armour
 T - a scroll of brand weapon
Potions
 e - 5 potions of brilliance
 f - 2 potions of cancellation
 h - 2 potions of resistance
 i - 5 potions of flight
 j - a potion of berserk rage
 l - 2 potions of magic
 r - 4 potions of haste
 J - 3 potions of curing
 R - a potion of might


   Skills:
 + Level 12.2 Fighting
 * Level 17.8 Axes
 + Level 4.4 Throwing
 + Level 11.3 Armour
 + Level 11.3 Shields
 - Level 8.0 Evocations


You had 12 spell levels left.
You didn't know any spells.
Your spell library contained the following spells:

 Spells                   Type           Power      Damage    Failure   Level
 Magic Dart               Conj           0%         1d3       95%         1
 Blink                    Tloc           0%         N/A       98%         2
 Searing Ray              Conj           0%         2d4       98%         2
 Dazzling Flash           Conj/Hex       0%         N/A       100%        3
 Ozocubu's Armour         Ice            0%         N/A       100%        3
 Cause Fear               Hex            0%         N/A       100%        4
 Fulminant Prism          Conj/Hex       0%         3d6       100%        4
 Agony                    Necr           0%         N/A       100%        5
 Manifold Assault         Tloc           0%         N/A       100%        5
 Silence                  Hex/Air        0%         N/A       100%        5
 Dragon Form              Tmut           0%         N/A       100%        7
 Ozocubu's Refrigeration  Ice            0%         4d7       100%        7
 Storm Form               Tmut/Air       0%         N/A       100%        7
 Dragon's Call            Summ           0%         N/A       100%        9


Dungeon Overview and Level Annotations

Branches:
Dungeon (10/15)            Temple (1/1) D:7            Lair (5/5) D:10
  Swamp (0/4) Lair:3        Snake (0/4) Lair:2        Slime (0/5) Lair:5
  Sewer (visited)
    Orc: D:9-12

Altars:
Ashenzari
Cheibriados
Dithmenos
Elyvilon
Fedhas
Gozag
Hepliaklqana
Kikubaaqudgha
Makhleb
Nemelex Xobeh
Okawaru
Qazlal
Ru
Sif Muna
Trog
Uskayaw
Vehumet
Wu Jian
Xom
Yredelemnul
Zin
The Shining One

Shops:
D:1 (

Annotations:
Lair:4 2 transporters, ababab's ghost, journeyman FeEn
Lair:5 exclusion: obsidian statue


Message History

* * * LOW HITPOINT WARNING * * *
You hold your ground!
The dire elephant trunk-slaps you but does no damage.
The dire elephant tramples you but does no damage.
The dire elephant closely misses you.
You slash the dire elephant!
The dire elephant is almost dead.
You hit the dire elephant but do no damage.
The necromancer mumbles some strange words.
The necromancer binds the souls of nearby monsters.
The dire elephant tramples you but does no damage.
The dire elephant trunk-slaps you but does no damage.
Okay, then.
You hit the dire elephant.
The dire elephant is severely wounded.
You slash the dire elephant!
You feel better. The dire elephant tramples you!!
* * * LOW HITPOINT WARNING * * *
You hold your ground!
The dire elephant trunk-slaps you but does no damage.
You feel better.
The dire elephant tramples you but does no damage.
You block the dire elephant's attack. The dire elephant tramples you!
* * * LOW HITPOINT WARNING * * *
You hold your ground!
The dire elephant barely misses you.
A red film seems to cover your vision as you go berserk!
You feel yourself moving faster!
You feel mighty!
The dire elephant tramples you but does no damage.
The dire elephant trunk-slaps you.
* * * LOW HITPOINT WARNING * * *
You block the dire elephant's attack. The dire elephant trunk-slaps you.
* * * LOW HITPOINT WARNING * * *
The necromancer mumbles some strange words.
The necromancer binds the souls of nearby monsters.
You hit the dire elephant.
You feel better.
The dire elephant is almost dead.
You slash the dire elephant! The dire elephant tramples you.
* * * LOW HITPOINT WARNING * * *
You hold your ground!
You block the dire elephant's attack. The dire elephant tramples you!
You die...

#.######♣♣.......♣########'''####
.##########♣...P###.........)....
# #8.....##♣♣###P..#####8.⌠.8###
#......# ####.###~.###8P8###Y
#8...).####...P#~~~((#######8Y
#########'#P...####.≈≈≈≈#8YY.8#?$
##)# #.#.####.8#.~≈≈≈'...$?#)$
##+# #...#P..YYpZ.~≈~'....|#8.
#♣8♣ #8..#...@8##.~~##8...8##.
... ###''#''#### ###
##...P##.......# ♣P.......[..#
♣♣.PP......## ♣♣###.##### ###


You could see 2 dire elephants, a spectral anaconda and a necromancer.

Vanquished Creatures
  A dire elephant (Lair:5)
  An ettin (Lair:4)
  A boulder beetle (Lair:4)
  4 hydras
  Harold (D:9)
  2 two-headed ogres
  9 death yaks
  A tengu warrior (D:9)
  3 necromancers (Lair:5)
  5 elephants (Lair:5)
  9 black mambas
  6 cane toads
  A dire elephant skeleton (Lair:5)
  12 komodo dragons
  A kobold demonologist (D:10)
  2 rime drakes
  A troll (D:9)
  Grinder (D:5)
  4 polar bears
  Eustachio (D:5)
  2 vampires (D:10)
  12 yaks
  6 wyverns
  A wraith (D:8)
  4 steam dragons
  2 death yak simulacra (Lair:5)
  A naga (Lair:2)
  12 water moccasins
  Duvessa (D:5)
  9 orc warriors
  An ice beast (D:5)
  9 wolves (Lair:3)
  2 black bears
  An elephant zombie (Lair:5)
  5 centaurs
  An elephant skeleton (Lair:5)
  5 ogres
  3 kobold brigands
  13 bullfrogs
  2 necrophages
  4 gnoll sergeants
  2 scorpions
  2 cane toad simulacra (Lair:5)
  10 wights
  Dowan (D:5)
  3 elephant simulacra (Lair:5)
  10 killer bees
  4 howler monkeys
  4 electric eels
  Crazy Yiuf (D:2)
  5 hounds
  A jelly (D:7)
  4 orc priests
  A gnoll bouda (D:9)
  An iguana (D:5)
  Jessica (D:2)
  6 orc wizards
  Natasha (thrice) (D:2)
  3 polar bear simulacra (Lair:5)
  A wolf simulacrum (Lair:5)
  4 yak simulacra (Lair:5)
  28 gnolls
  9 adders
  A shadow imp (D:6)
  2 worms
  A dart slug (D:4)
  47 orcs
  12 ball pythons
  4 bats
  10 endoplasms
  7 giant cockroaches
  11 goblins
  7 hobgoblins
  2 jackals (D:2)
  17 quokkas
  13 frilled lizards
  14 kobolds
  6 rats
  3 river rat simulacra (Lair:5)
423 creatures vanquished.

Vanquished Creatures (others)
  An orc wizard (D:8)
  A shadow imp (D:8)
  39 fungi
  44 plants
  23 withered plants (Lair:5)
108 creatures vanquished.

Grand Total: 531 creatures vanquished

Notes
Turn   | Place    | Note
-------+----------+-------------------------------------------
     0 | D:1      | LabCoat the Hill Orc Fighter began the quest for the Orb.
     0 | D:1      | Reached XP level 1. HP: 19/19 MP: 1/1
   175 | D:1      | Reached skill level 3 in Axes
   279 | D:1      | Reached XP level 2. HP: 27/27 MP: 2/2
   564 | D:1      | Reached XP level 3. HP: 33/33 MP: 3/3
   600 | D:1      | Found Zabic's Antique Weapon Shoppe.
   847 | D:2      | Noticed Natasha
   855 | D:2      | Killed Natasha
   856 | D:2      | Reached skill level 4 in Axes
   856 | D:2      | Reached XP level 4. HP: 11/40 MP: 4/4
  1257 | D:2      | Noticed Natasha
  1264 | D:2      | Killed Natasha
  1341 | D:2      | Reached XP level 5. HP: 44/47 MP: 5/5
  1516 | D:2      | Noticed Natasha
  1521 | D:2      | Killed Natasha
  1561 | D:2      | Noticed Jessica
  1562 | D:2      | Killed Jessica
  1563 | D:2      | Reached skill level 5 in Axes
  1704 | D:2      | Found a faded altar of an unknown god.
  1764 | D:2      | Found a runed translucent door.
  1765 | D:2      | Noticed Crazy Yiuf
  1777 | D:2      | Killed Crazy Yiuf
  2404 | D:3      | Reached XP level 6. HP: 53/53 MP: 6/6
  2414 | D:3      | Reached skill level 1 in Evocations
  2907 | D:4      | Reached skill level 5 in Fighting
  2907 | D:4      | Reached skill level 6 in Axes
  2958 | D:4      | Found a glowing drain.
  2982 | Sewer    | Entered a sewer
  3184 | Sewer    | Reached XP level 7. HP: 61/61 MP: 7/7
  4331 | D:5      | Entered Level 5 of the Dungeon
  4343 | D:5      | Noticed Duvessa
  4343 | D:5      | Noticed Dowan
  4358 | D:5      | Killed Duvessa
  4359 | D:5      | Reached skill level 5 in Armour
  4364 | D:5      | Killed Dowan
  4365 | D:5      | Reached skill level 7 in Axes
  4365 | D:5      | Reached skill level 5 in Shields
  4433 | D:5      | HP: 1/61 [ogre/+0 giant club (30)]
  4694 | D:5      | Reached XP level 8. HP: 70/70 MP: 8/8
  4713 | D:5      | Noticed a wyvern
  4713 | D:5      | a black bear changed into a wyvern
  4723 | D:5      | Killed a wyvern
  4967 | D:5      | Noticed Eustachio
  4982 | D:5      | Killed Eustachio
  4983 | D:5      | Reached skill level 8 in Axes
  5070 | D:5      | Noticed Grinder
  5081 | D:5      | Killed Grinder
  5371 | D:6      | Noticed a wyvern
  5377 | D:6      | Reached skill level 9 in Axes
  5377 | D:6      | Reached XP level 9. HP: 78/78 MP: 9/9
  6269 | D:6      | Reached skill level 10 in Axes
  7087 | D:7      | Reached XP level 10. HP: 41/88 MP: 10/10
  7088 | D:7      | Reached skill level 5 in Evocations
  7374 | D:7      | Reached skill level 11 in Axes
  7791 | D:7      | Found a staircase to the Ecumenical Temple.
  7800 | Temple   | Entered the Ecumenical Temple
  7815 | Temple   | Became a worshipper of Trog the Wrathful
  8162 | D:7      | Found a sparkling altar of Nemelex Xobeh.
  8917 | D:8      | Noticed a two-headed ogre
  9220 | D:8      | Killed a two-headed ogre
  9221 | D:8      | Reached skill level 1 in Throwing
 10089 | D:8      | Reached skill level 12 in Axes
 10120 | D:8      | Found a hide-covered altar of Uskayaw.
 10328 | D:9      | Noticed Harold
 10351 | D:9      | Killed Harold
 10957 | D:9      | Reached XP level 11. HP: 95/95 MP: 11/11
 10965 | D:9      | Reached * piety under Trog
 10974 | D:9      | Noticed a tengu warrior
 11014 | D:9      | Killed a tengu warrior
 11015 | D:9      | Reached skill level 13 in Axes
 12063 | D:9      | Found the +18 Lear's hauberk
 12302 | D:10     | Entered Level 10 of the Dungeon
 12674 | D:10     | Noticed a two-headed ogre
 12679 | D:10     | Killed a two-headed ogre
 12679 | D:10     | Reached ** piety under Trog
 12895 | D:10     | Found a staircase to the Lair.
 13197 | Lair:1   | Entered Level 1 of the Lair of Beasts
 13207 | Lair:1   | Noticed an eight-headed hydra
 13224 | Lair:1   | Killed an eight-headed hydra
 13225 | Lair:1   | Reached skill level 14 in Axes
 14013 | Lair:1   | Reached skill level 10 in Fighting
 14082 | Lair:1   | Reached XP level 12. HP: 106/106 MP: 12/12
 14914 | Lair:2   | Found a staircase to the Snake Pit.
 15213 | Lair:2   | Noticed a death yak
 15217 | Lair:2   | Noticed a death yak
 15217 | Lair:2   | Noticed a death yak
 15218 | Lair:2   | Noticed a death yak
 15223 | Lair:2   | Noticed a death yak
 15242 | Lair:2   | Killed a death yak
 15243 | Lair:2   | Reached skill level 15 in Axes
 15262 | Lair:2   | Killed a death yak
 15285 | Lair:2   | Killed a death yak
 15291 | Lair:2   | Killed a death yak
 15304 | Lair:2   | Killed a death yak
 15304 | Lair:2   | Reached *** piety under Trog
 15863 | Lair:2   | Reached skill level 10 in Armour
 16277 | Lair:2   | Identified the +6 scale mail "Sinicha" {+Inv Will+ Str+2}
 16447 | Lair:3   | Noticed a seven-headed hydra
 16459 | Lair:3   | Killed a seven-headed hydra
 16460 | Lair:3   | Reached skill level 10 in Shields
 16629 | Lair:3   | Found a staircase to the Swamp.
 16919 | Lair:3   | Reached skill level 16 in Axes
 17384 | Lair:4   | Noticed a boulder beetle
 17385 | Lair:4   | Noticed an ettin
 17385 | Lair:4   | a boulder beetle changed into an ettin
 17404 | Lair:4   | Killed an ettin
 17951 | Lair:4   | Noticed a boulder beetle
 17967 | Lair:4   | Reached XP level 13. HP: 116/116 MP: 13/13
 18058 | Lair:4   | Found a transporter.
 18059 | Lair:4   | Noticed ababab's ghost (journeyman FeEn)
 18060 | Lair:4   | Found a transporter.
 18665 | Lair:5   | Entered Level 5 of the Lair of Beasts
 19003 | Lair:5   | Reached skill level 17 in Axes
 19700 | Lair:5   | Found a staircase to the Slime Pits.
 20141 | Lair:5   | Reached **** piety under Trog
 20289 | Lair:5   | Noticed a dire elephant
 20289 | Lair:5   | Noticed a dire elephant
 20292 | Lair:5   | Noticed a dire elephant
 20873 | Lair:5   | Identified a scroll of acquirement
 20874 | Lair:5   | Acquired the +2 pair of gloves of Kema {Harm Fly rElec
                  | Regen+}
 20944 | Lair:5   | Killed a dire elephant
 20976 | Lair:5   | HP: 7/177 [dire elephant (2)]
 20977 | Lair:5   | Mangled by a dire elephant

Illustrated notes

Levels and vault maps discovered:
D:1:      noname_arrival_rooms_in_the_neighbourhood, layout_rooms, serial_shops,
          shop
D:2:      layout_basic, dilly_ecumenical_altar_fadedgnrine,
          lightli_corner_chamber, uniq_jessica, uniq_natasha,
          uniq_crazy_yiuf_cottage
D:3:      layout_basic
D:4:      cheibrodos_helix_gallery, layout_loops_ring, gup_sewer_entry_glass
D:5:      layout_loops_cross, uniq_grinder, uniq_duvessa, uniq_eustachio
D:6:      layout_loops_ring, kb_rosetta
D:7:      layout_basic, kennysheep_little_box, minmay_temple_entry_mist
D:8:      layout_loops_ring, eat_drink_and_be_merry_uskayaw
D:9:      layout_roguey [special_room_orc], chequers_serial_rivers_small_b,
          hangedman_abyss_or_decor_clamps, minmay_misc_feat_rugged,
          hellmonk_guarded_unrand_lears, uniq_harold
D:10:     layout_roguey, grunt_lair_entry_orc_guard_hut,
          minmay_misc_feat_nine_boxes, kennysheep_generic_room_16
Temple:   nicolae_temple_slightly_damp_pantheon
Lair:1:   layout_gridlike, chequers_serial_rivers_room_a, lemuel_fruit_tree,
          infiniplex_staircase_pool
Lair:2:   layout_layer_cave, guppyfry_snake_entry_island, grunt_megastairs_4,
          infiniplex_staircase_pool_2
Lair:3:   layout_regular_city, swamp_mist_pool
Lair:4:   layout_cave_pods, gammafunk_ghost_hive, serial_bayou_shore_b
Lair:5:   due_jungle_book, layout_loops_ring, slime_entry_1,
          eino_house_with_fridge, serial_bayou_shore_a

Skill      XL: |  1  2  3  4  5  6  7  8  9 10 11 12 13 |
---------------+----------------------------------------+-----
Axes           | 3 4 5 6 7 9 10 12 14 16 17 | 17.8
Fighting       | 4 5 6 7 8 10 11 12 | 12.2
Shields        | 4 5 6 7 8 9 10 11 | 11.3
Armour         | 4 5 6 7 8 9 10 11 | 11.3
Evocations     | 1 2 3 4 5 6 7 8 |  8.0
Throwing       | 2 3 4 |  4.4

Action                   |  1- 3 |  4- 6 |  7- 9 | 10-12 | 13-15 || total
-------------------------+-------+-------+-------+-------+-------++-------
Melee: War axe           |    59 |   134 |   359 |   663 |   435 ||  1650
       Morningstar       |       |       |       |    30 |    20 ||    50
Throw: Throwing net      |       |       |     1 |       |       ||     1
       Javelin           |       |       |       |    34 |    27 ||    61
Invok: Berserk           |       |       |       |     5 |     1 ||     6
Evoke: Wand              |       |    10 |     5 |    31 |     5 ||    51
  Use: Scroll            |     4 |     4 |     5 |    19 |     2 ||    34
       Potion            |     1 |     1 |     5 |     7 |     2 ||    16
 Stab: Paralysed         |       |       |     5 |       |       ||     5
Armor: Scale mail        |    31 |    88 |   125 |       |       ||   244
       Plate armour      |       |       |    72 |   136 |       ||   208
       Chain mail        |       |       |       |   257 |   294 ||   551
Dodge: Dodged            |    33 |    80 |   181 |   253 |   131 ||   678
Block: Buckler           |    10 |    45 |    86 |   152 |   115 ||   408
